| TOP OF THE 1ST |
|
Los Angeles Dodgers batting - Pitching for Colorado Rockies : LHP Cooper Bate
|
|
Pitching: LHP Cooper Bate
|
|
|
Batting: RHB Jorge Severiano
|
0-0: Ball 1-0: Ball 2-0: DOUBLE (Groundball, 5L, EV 105.6 MPH)
|
|
Batting: LHB Chris Ringwood
|
0-0: Swinging Strike 0-1: Ball 1-1: Ball 2-1: Called Strike 2-2: Ground out 4-3 (Groundball, 4, EV 81.2 MPH) Jorge Severiano to third
|
|
Batting: LHB Bob Branham
|
0-0: Ball 1-0: Ball 2-0: Ball 3-0: Ground out 6-3 (Groundball, 4M, EV 86.2 MPH) Jorge Severiano scores
|
|
Batting: LHB Lirak Bazhunaishvili
|
0-0: Foul Ball, location: 2F 0-1: Ball 1-1: Ball 2-1: Foul Ball, location: 2F 2-2: SINGLE (Line Drive, 89M, EV 104.4 MPH)
|
|
Batting: RHB Clay Buchanan
|
0-0: Fielders Choice at 2nd, 5-4 (Groundball, 56, EV 79.4 MPH)
|
| Top of the 1st over - 1 run, 2 hits, 0 errors, 1 left on base; Los Angeles 1 - Colorado 0 |
| BOTTOM OF THE 1ST |
|
Colorado Rockies batting - Pitching for Los Angeles Dodgers : LHP Alastair Tippett
|
|
Pitching: LHP Alastair Tippett
|
|
|
Batting: RHB Joel Haycock
|
0-0: Ball 1-0: Ball 2-0: Ball 3-0: Called Strike 3-1: DOUBLE (Line Drive, 78D, EV 108.8 MPH)
|
|
Batting: RHB Roberto Rodriguez
|
0-0: Called Strike 0-1: Ball 1-1: SINGLE (Line Drive, 89S, EV 111.9 MPH) Joel Haycock to third
|
|
Batting: SHB Chris Blue
|
0-0: Ball 1-0: Called Strike 1-1: 3-RUN HOME RUN (Flyball, 89XD, EV 96.2 MPH), Distance : 379 ft
|
|
Batting: RHB Jason Andrews
|
0-0: Ball 1-0: Ball 2-0: Ground out 4-3 (Groundball, 4M, EV 84.4 MPH)
|
|
Batting: RHB Chad Thompson
|
0-0: Foul Ball, location: 2F 0-1: Foul Ball, location: 2F 0-2: SINGLE (Groundball, 56D, EV 102.5 MPH)
|
|
Batting: RHB Stephen Charbonneau
|
0-0: Called Strike 0-1: Ball 1-1: Ball Wild Pitch! Chad Thompson to second 2-1: Ground out 6-3 (Groundball, 6M, EV 106.2 MPH) Chad Thompson to third
|
|
Batting: RHB Rico Coss
|
0-0: Called Strike 0-1: Swinging Strike 0-2: Fly out, F7 (Flyball, 7, EV 91.2 MPH)
|
| Bottom of the 1st over - 3 runs, 4 hits, 0 errors, 1 left on base; Los Angeles 1 - Colorado 3 |
| TOP OF THE 2ND |
|
Los Angeles Dodgers batting - Pitching for Colorado Rockies : LHP Cooper Bate
|
|
Batting: RHB Tsutomu Irie
|
0-0: Ball 1-0: Ball 2-0: Foul Ball, location: 2F 2-1: Foul Ball, location: 2F 2-2: TRIPLE (Flyball, 9LD, EV 93.8 MPH)
|
|
Batting: RHB Edwin Soto
|
0-0: Ball 1-0: TRIPLE (Flyball, 89XD, EV 110.6 MPH) Tsutomu Irie scores
|
|
Batting: RHB Ben Mischnick
|
0-0: 2-RUN HOME RUN (Flyball, 7D, EV 97.5 MPH), Distance : 380 ft
|
|
Batting: LHB Ryan Taylor
|
0-0: SINGLE (Groundball, 4MD, EV 83.1 MPH) (infield hit)
|
|
Batting: RHB Jorge Severiano
|
0-0: Called Strike 0-1: Foul Ball, location: 2F 0-2: Ball 1-2: Strikes out swinging Ryan Taylor is caught stealing 2nd base 2-4 Batter strikes out.
|
|
Batting: LHB Chris Ringwood
|
0-0: Ball 1-0: Ball 2-0: Ball 3-0: Base on Balls
|
|
Batting: LHB Bob Branham
|
0-0: Called Strike 0-1: Ball 1-1: Fly out, F7 (Flyball, 78M, EV 92.5 MPH)
|
| Top of the 2nd over - 3 runs, 4 hits, 0 errors, 1 left on base; Los Angeles 4 - Colorado 3 |
| BOTTOM OF THE 2ND |
|
Colorado Rockies batting - Pitching for Los Angeles Dodgers : LHP Alastair Tippett
|
|
Batting: LHB Fabiano Perrolas
|
0-0: Called Strike 0-1: Foul Ball, location: 2F 0-2: Strikes out looking
|
|
Batting: LHB Robert Watson
|
0-0: Foul Ball, location: 2F 0-1: Foul Ball, location: 2F 0-2: Ball 1-2: SINGLE (Groundball, 56D, EV 102.5 MPH)
|
|
Batting: RHB Joel Haycock
|
0-0: Fly out, F7 (Flyball, 7S, EV 87.5 MPH)
|
|
Batting: RHB Roberto Rodriguez
|
0-0: SINGLE (Groundball, 6D, EV 102.5 MPH) Robert Watson to second
|
|
Batting: SHB Chris Blue
|
0-0: Called Strike 0-1: Foul Ball, location: 2F 0-2: Foul Ball, location: 2F 0-2: Ball 1-2: Ball 2-2: Foul Ball, location: 2F 2-2: SINGLE (Groundball, 4D, EV 102.5 MPH) Robert Watson to third Roberto Rodriguez to second Runner from 3rd tries for Home, SAFE, throw by RF to home
|
|
Batting: RHB Jason Andrews
|
0-0: Ball 1-0: Ball 2-0: Called Strike 2-1: Ball 3-1: Swinging Strike 3-2: Foul Ball, location: 2F 3-2: Foul Ball, location: 2F 3-2: Fly out, F3 (Popup, 3SF, EV 84.4 MPH)
|
| Bottom of the 2nd over - 1 run, 3 hits, 0 errors, 2 left on base; Los Angeles 4 - Colorado 4 |
| TOP OF THE 3RD |
|
Los Angeles Dodgers batting - Pitching for Colorado Rockies : LHP Cooper Bate
|
|
Batting: LHB Lirak Bazhunaishvili
|
0-0: Called Strike 0-1: Ball 1-1: Ground out 1-3 (Groundball, 13, EV 68.8 MPH)
|
|
Batting: RHB Clay Buchanan
|
0-0: Ball 1-0: Ground out 5-3 (Groundball, 56S, EV 64.4 MPH)
|
|
Batting: RHB Tsutomu Irie
|
0-0: Ball 1-0: SINGLE (Line Drive, 89S, EV 92.5 MPH)
|
|
Batting: RHB Edwin Soto
|
0-0: Called Strike 0-1: Ball 1-1: Swinging Strike 1-2: Ball 2-2: Fly out, F7 (Flyball, 7LM, EV 91.2 MPH)
|
| Top of the 3rd over - 0 runs, 1 hit, 0 errors, 1 left on base; Los Angeles 4 - Colorado 4 |
| BOTTOM OF THE 3RD |
|
Colorado Rockies batting - Pitching for Los Angeles Dodgers : LHP Alastair Tippett
|
|
Batting: RHB Chad Thompson
|
0-0: Ball 1-0: Swinging Strike 1-1: Foul Ball, location: 2F 1-2: DOUBLE (Groundball, 3L, EV 108.8 MPH)
|
|
Batting: RHB Stephen Charbonneau
|
0-0: Ball 1-0: Foul Ball, location: 2F 1-1: Ball 2-1: Foul Ball, location: 2F 2-2: Ball 3-2: Ground out 5-3 (Groundball, 56S, EV 90.0 MPH)
|
|
Batting: RHB Rico Coss
|
0-0: Ball Chad Thompson steals 3rd base 1-0: Swinging Strike 1-1: DOUBLE (Line Drive, 78D, EV 111.9 MPH) Chad Thompson scores
|
|
Pitching: RHP Miguel Arguello
|
|
|
Batting: LHB Fabiano Perrolas
|
0-0: Ball 1-0: Ground out 2-3 (Groundball, 13S, EV 73.1 MPH) Rico Coss to third
|
|
Batting: LHB Robert Watson
|
0-0: Ball 1-0: Foul Ball, location: 2F 1-1: Called Strike 1-2: Ball 2-2: Ball 3-2: Foul Ball, location: 2F 3-2: SINGLE (Line Drive, 7S, EV 94.4 MPH) Rico Coss scores
|
|
Batting: RHB Joel Haycock
|
0-0: Ball 1-0: Ball 2-0: DOUBLE (Line Drive, 9LM, EV 113.8 MPH) Robert Watson to third Runner from 3rd tries for Home, SAFE, throw by RF to trailing runner, SAFE at third!
|
|
Batting: RHB Roberto Rodriguez
|
0-0: Called Strike 0-1: Ball 1-1: Ball 2-1: Foul Ball, location: 2F 2-2: Ground out 1-3 (Groundball, 13S, EV 63.8 MPH)
|
| Bottom of the 3rd over - 3 runs, 4 hits, 0 errors, 1 left on base; Los Angeles 4 - Colorado 7 |
| TOP OF THE 4TH |
|
Los Angeles Dodgers batting - Pitching for Colorado Rockies : LHP Cooper Bate
|
|
Batting: RHB Ben Mischnick
|
0-0: SINGLE (Groundball, 6S, EV 69.4 MPH) (infield hit)
|
|
Batting: LHB Ryan Taylor
|
0-0: Ball 1-0: Grounds into double play, 4-6-3 (Groundball, 4, EV 78.8 MPH)
|
|
Batting: RHB Jorge Severiano
|
0-0: Ground out 6-3 (Groundball, 56, EV 104.4 MPH)
|
| Top of the 4th over - 0 runs, 1 hit, 0 errors, 0 left on base; Los Angeles 4 - Colorado 7 |
| BOTTOM OF THE 4TH |
|
Colorado Rockies batting - Pitching for Los Angeles Dodgers : RHP Miguel Arguello
|
|
Batting: SHB Chris Blue
|
0-0: Called Strike 0-1: Swinging Strike 0-2: Foul Ball, location: 2F 0-2: Ball 1-2: Strikes out swinging
|
|
Batting: RHB Jason Andrews
|
0-0: Ball 1-0: Swinging Strike 1-1: Ball 2-1: Foul Ball, location: 2F 2-2: SOLO HOME RUN (Flyball, 89XD, EV 99.4 MPH), Distance : 385 ft
|
|
Batting: RHB Chad Thompson
|
0-0: Ball 1-0: Ball 2-0: DOUBLE (Groundball, 5L, EV 98.8 MPH)
|
|
Batting: RHB Stephen Charbonneau
|
0-0: Called Strike 0-1: Swinging Strike 0-2: Strikes out swinging
|
|
Batting: RHB Rico Coss
|
0-0: Ground out 6-3 (Groundball, 6M, EV 111.2 MPH)
|
| Bottom of the 4th over - 1 run, 2 hits, 0 errors, 1 left on base; Los Angeles 4 - Colorado 8 |
| TOP OF THE 5TH |
|
Los Angeles Dodgers batting - Pitching for Colorado Rockies : LHP Cooper Bate
|
|
Batting: LHB Chris Ringwood
|
0-0: Ball 1-0: Called Strike 1-1: SOLO HOME RUN (Flyball, 8RXD, EV 109.4 MPH), Distance : 423 ft
|
|
Pitching: RHP Mike Mik
|
|
|
Batting: LHB Bob Branham
|
0-0: Foul Ball, location: 2F 0-1: Foul Ball, location: 2F 0-2: Fly out, F8 (Flyball, 89D, EV 90.0 MPH)
|
|
Batting: LHB Lirak Bazhunaishvili
|
0-0: Called Strike 0-1: Ball 1-1: Foul Ball, location: 2F 1-2: Strikes out swinging
|
|
Batting: RHB Clay Buchanan
|
0-0: Foul Ball, location: 2F 0-1: Ball 1-1: Called Strike 1-2: Ball 2-2: Foul Ball, location: 2F 2-2: SINGLE (Groundball, 6D, EV 101.9 MPH)
|
|
Batting: RHB Tsutomu Irie
|
0-0: Ball Clay Buchanan is caught stealing 2nd base 2-4
|
| Top of the 5th over - 1 run, 2 hits, 0 errors, 0 left on base; Los Angeles 5 - Colorado 8 |
| BOTTOM OF THE 5TH |
|
Colorado Rockies batting - Pitching for Los Angeles Dodgers : RHP Miguel Arguello
|
|
Batting: LHB Fabiano Perrolas
|
0-0: Foul Ball, location: 2F 0-1: Swinging Strike 0-2: Ball 1-2: Ball 2-2: Ball 3-2: Strikes out looking
|
|
Batting: LHB Robert Watson
|
0-0: Called Strike 0-1: Ball 1-1: Ball 2-1: Called Strike 2-2: TRIPLE (Line Drive, 9LD, EV 98.1 MPH)
|
|
Pitching: RHP Luke Kinman
|
|
|
Batting: RHB Joel Haycock
|
0-0: Ball 1-0: Foul Ball, location: 2F 1-1: Swinging Strike 1-2: Ball 2-2: Strikes out swinging
|
|
Batting: RHB Roberto Rodriguez
|
0-0: Ball 1-0: Fly out, F6 (Line Drive, 6, EV 70.0 MPH)
|
| Bottom of the 5th over - 0 runs, 1 hit, 0 errors, 1 left on base; Los Angeles 5 - Colorado 8 |
| TOP OF THE 6TH |
|
Los Angeles Dodgers batting - Pitching for Colorado Rockies : RHP Mike Mik
|
|
Batting: RHB Tsutomu Irie
|
0-0: Ball 1-0: Ball 2-0: Foul Ball, location: 2F 2-1: Foul Ball, location: 2F 2-2: Fly out, F7 (Flyball, 78S, EV 88.1 MPH)
|
|
Batting: RHB Edwin Soto
|
0-0: Called Strike 0-1: Fly out, F7 (Flyball, 7, EV 77.5 MPH)
|
|
Batting: RHB Ben Mischnick
|
0-0: Ground out 4-3 (Groundball, 34D, EV 102.5 MPH)
|
| Top of the 6th over - 0 runs, 0 hits, 0 errors, 0 left on base; Los Angeles 5 - Colorado 8 |
| BOTTOM OF THE 6TH |
|
Colorado Rockies batting - Pitching for Los Angeles Dodgers : RHP Luke Kinman
|
|
Batting: SHB Chris Blue
|
0-0: Ball 1-0: SINGLE (Groundball, 3S, EV 66.9 MPH) (infield hit)
|
|
Batting: RHB Jason Andrews
|
0-0: Ball 1-0: Foul Ball, location: 2F 1-1: SINGLE (Groundball, 25, EV 67.5 MPH) (infield hit) Chris Blue to second
|
|
Batting: RHB Chad Thompson
|
0-0: Grounds into double play, 5-4-3 (Groundball, 56S, EV 79.4 MPH) Chris Blue to third
|
|
Batting: RHB Stephen Charbonneau
|
0-0: Foul Ball, location: 2F 0-1: Ball 1-1: Foul Ball, location: 2F 1-2: Fly out, F7 (Flyball, 78D, EV 83.8 MPH)
|
| Bottom of the 6th over - 0 runs, 2 hits, 0 errors, 1 left on base; Los Angeles 5 - Colorado 8 |
| TOP OF THE 7TH |
|
Los Angeles Dodgers batting - Pitching for Colorado Rockies : RHP Mike Mik
|
|
Pitching: LHP Dave Burridge
|
|
|
Batting: LHB Ryan Taylor
|
0-0: Swinging Strike 0-1: Ball 1-1: Ball 2-1: Swinging Strike 2-2: Strikes out swinging
|
|
Pitching: RHP Jaden Mackey
|
|
|
Batting: RHB Jorge Severiano
|
0-0: Ball 1-0: Ball 2-0: Ball 3-0: Called Strike 3-1: Foul Ball, location: 2F 3-2: Base on Balls
|
|
Batting: LHB Chris Ringwood
|
0-0: Ball 1-0: Fly out, F8 (Flyball, 8LM, EV 91.9 MPH)
|
|
Batting: LHB Bob Branham
|
0-0: Ball 1-0: Ground out 5-3 (Groundball, 56, EV 83.1 MPH)
|
| Top of the 7th over - 0 runs, 0 hits, 0 errors, 1 left on base; Los Angeles 5 - Colorado 8 |
| BOTTOM OF THE 7TH |
|
Colorado Rockies batting - Pitching for Los Angeles Dodgers : RHP Luke Kinman
|
|
Pitching: LHP Lance Crumpton
|
|
|
Batting: RHB Rico Coss
|
0-0: Ball 1-0: Called Strike 1-1: Swinging Strike 1-2: Ball 2-2: Foul Ball, location: 2F 2-2: TRIPLE (Line Drive, 89XD, EV 105.6 MPH)
|
|
Batting: LHB Fabiano Perrolas
|
0-0: Intentional Walk
|
|
Batting: LHB Robert Watson
|
0-0: Called Strike 0-1: Called Strike 0-2: Strikes out swinging
|
|
Batting: RHB Joel Haycock
|
0-0: Ball 1-0: Ball 2-0: Ball 3-0: Base on Balls Fabiano Perrolas to second
|
|
Batting: RHB Roberto Rodriguez
|
0-0: Ball 1-0: Ball 2-0: Ball 3-0: Called Strike 3-1: Foul Ball, location: 2F 3-2: Foul Ball, location: 2F 3-2: Strikes out swinging
|
|
Batting: SHB Chris Blue
|
0-0: Foul Ball, location: 2F 0-1: Foul Ball, location: 2F 0-2: Ball 1-2: SINGLE (Line Drive, 89M, EV 99.4 MPH) Rico Coss scores Fabiano Perrolas to third Joel Haycock to second Runner from 3rd tries for Home, SAFE, throw by RF to home
|
|
Pitching: LHP Josh Ramirez
|
|
|
Batting: RHB Jason Andrews
|
0-0: Ball 1-0: Called Strike 1-1: Ball 2-1: Foul Ball, location: 2F 2-2: Fly out, F8 (Line Drive, 8LD, EV 85.0 MPH)
|
| Bottom of the 7th over - 2 runs, 2 hits, 0 errors, 2 left on base; Los Angeles 5 - Colorado 10 |
| TOP OF THE 8TH |
|
Los Angeles Dodgers batting - Pitching for Colorado Rockies : RHP Jaden Mackey
|
|
Batting: LHB Lirak Bazhunaishvili
|
0-0: Ball 1-0: Called Strike 1-1: Foul Ball, location: 2F 1-2: Foul Ball, location: 2F 1-2: Strikes out swinging
|
|
Batting: RHB Clay Buchanan
|
0-0: Fly out, F9 (Flyball, 8RM, EV 93.1 MPH)
|
|
Batting: RHB Tsutomu Irie
|
0-0: Ball 1-0: Fly out, F8 (Flyball, 8RM, EV 80.0 MPH)
|
| Top of the 8th over - 0 runs, 0 hits, 0 errors, 0 left on base; Los Angeles 5 - Colorado 10 |
| BOTTOM OF THE 8TH |
|
Colorado Rockies batting - Pitching for Los Angeles Dodgers : LHP Josh Ramirez
|
|
Batting: RHB Chad Thompson
|
0-0: Ball 1-0: Called Strike 1-1: Foul Ball, location: 2F 1-2: Foul Ball, location: 2F 1-2: Ball 2-2: Foul Ball, location: 2F 2-2: Strikes out swinging
|
|
Batting: RHB Stephen Charbonneau
|
0-0: Ball 1-0: Ball 2-0: Called Strike 2-1: Ball 3-1: Called Strike 3-2: Strikes out swinging
|
|
Batting: RHB Rico Coss
|
0-0: Called Strike 0-1: Hit by Pitch
|
|
Batting: LHB Fabiano Perrolas
|
0-0: Fly out, F8 (Flyball, 8LXD, EV 83.8 MPH)
|
| Bottom of the 8th over - 0 runs, 0 hits, 0 errors, 1 left on base; Los Angeles 5 - Colorado 10 |
| TOP OF THE 9TH |
|
Los Angeles Dodgers batting - Pitching for Colorado Rockies : RHP Jaden Mackey
|
|
Batting: RHB Edwin Soto
|
0-0: Called Strike 0-1: Ball 1-1: Ball 2-1: Ball 3-1: Foul Ball, location: 2F 3-2: Fly out, F6 (Line Drive, 6, EV 66.2 MPH)
|
|
Batting: RHB Ben Mischnick
|
0-0: Foul Ball, location: 2F 0-1: Ball 1-1: Called Strike 1-2: Strikes out swinging
|
|
Pitching: RHP Gabe Baxter
|
|
|
Batting: LHB Ryan Taylor
|
0-0: Called Strike 0-1: Foul Ball, location: 2F 0-2: SOLO HOME RUN (Flyball, 9D, EV 95.0 MPH), Distance : 380 ft
|
|
Batting: RHB Jorge Severiano
|
0-0: Swinging Strike 0-1: Foul Ball, location: 2F 0-2: Strikes out swinging
|
| Top of the 9th over - 1 run, 1 hit, 0 errors, 0 left on base; Los Angeles 6 - Colorado 10 |
|